 Dungeon Crawl Stone Soup version 0.25-a0-35-g747a2b3c0c (webtiles) character file.

Game seed: 14254683633335668750, levelgen mode: deterministic

627 Arixos the Skirmisher (level 7, 0/56 HPs)
             Began as a Demonspawn Monk on Oct 18, 2019.
             Slain by Prince Ribbit (15 damage)
             ... on level 5 of the Dungeon.
             The game lasted 00:12:47 (3504 turns).

Arixos the Skirmisher (Demonspawn Monk)             Turns: 3504, Time: 00:12:48

Health: 0/56       AC:  6    Str: 14    XL:     7   Next: 23%
Magic:  0/7        EV: 14    Int: 11    God:
Gold:   157        SH:  0    Dex: 15    Spells: 6/6 levels left

rFire    + . .     SeeInvis .   e - +2 mace (protect)
rCold    . . .     Gourm    .   (no shield)
rNeg     . . .     Faith    .   d - +0 leather armour
rPois    .         Spirit   +   (no helmet)
rElec    .         Reflect  .   (no cloak)
rCorr    .         Harm     .   (no gloves)
MR       .....                  (no boots)
Stlth    +++.......             n - amulet of guardian spirit
HPRegen  0.18/turn              p - ring of protection from fire
MPRegen  0.10/turn              s - ring of stealth

@: no status effects
A: talons 2, slimy green scales 2
a: no special abilities


You were on level 5 of the Dungeon.
You were not hungry.

You visited 1 branch of the dungeon, and saw 5 of its levels.
You also visited: Sewer.

You collected 157 gold pieces.

Inventory:

Hand Weapons
 e - a +2 mace of protection (weapon)
 r - a +2 dagger of venom
Armour
 d - a +0 leather armour (worn)
Jewellery
 f - an uncursed ring of wizardry
 n - an amulet of guardian spirit (around neck)
 p - a ring of protection from fire (left hand)
 s - a ring of stealth (right hand)
Scrolls
 a - a scroll of enchant armour {unknown}
 c - a scroll of magic mapping {unknown}
 h - 2 scrolls of identify
 o - a scroll of fear {unknown}
 q - a scroll of enchant weapon {unknown}
Potions
 i - a potion of magic {unknown}
 j - 4 potions of curing {unknown}
 k - 2 potions of flight {unknown}
 l - 2 potions of mutation {unknown}
 m - 2 potions of heal wounds {unknown}
Comestibles
 b - 5 rations


   Skills:
 + Level 5.4 Fighting
 + Level 3.8 Armour
 + Level 4.9 Dodging
 - Level 1.7 Stealth
 - Level 2.6 Unarmed Combat


You had 6 spell levels left.
You didn't know any spells.
Your spell library was empty.

Dungeon Overview and Level Annotations

Branches:
Dungeon (5/15)             Temple (0/1) D:5           Sewer (visited)

Altars:
Gozag
Hepliaklqana
Nemelex Xobeh
Qazlal

Annotations:
D:3 2 transporters, losten's ghost, amateur DsGl
D:5 Prince Ribbit


Innate Abilities, Weirdness & Mutations

You have razor-sharp toenails.
You are mostly covered in slimy green scales. (AC +3)


Message History

Prince Ribbit hits you! Prince Ribbit hits you.
You miss Prince Ribbit. Your kick misses Prince Ribbit.
Prince Ribbit is severely wounded.
Prince Ribbit blinks! x2
Prince Ribbit blinks!
You start resting.
Prince Ribbit is too close now for your liking.
Prince Ribbit hits you.
You closely miss Prince Ribbit.
Prince Ribbit is heavily wounded.
Prince Ribbit hits you!
Prince Ribbit blinks!
Prince Ribbit barely misses you.
You closely miss Prince Ribbit. Your kick misses Prince Ribbit.
Prince Ribbit is heavily wounded.
Prince Ribbit misses you. Prince Ribbit hits you.
* * * LOW HITPOINT WARNING * * *
You closely miss Prince Ribbit. Your kick misses Prince Ribbit.
Prince Ribbit is heavily wounded.
Prince Ribbit hits you!
You die...

###+####.#####.#####
###.####............
..............#####
#.#########.......
#...........######
#.#######.#.# ###
#.# #.#.# #.. #.#
#.#.# #.# #@# #.#.#
#.# #F# #.#.####.#
#...# #.#......#
#...# #.########
[....# #.........
....... ##########
......... .........
.....<....


You could see Prince Ribbit.

Vanquished Creatures
  A phantom (D:4)
  A big kobold (Sewer)
  A crimson imp (D:5)
  An orc wizard (D:4)
  An orc priest (D:3)
  A bullfrog skeleton (D:4)
  Terence (D:2)
  3 worker ants
  A killer bee zombie (D:3)
  Robin (D:2)
  6 adders
  2 river rats
  A shadow imp (D:5)
  3 oozes
  2 adder skeletons (D:4)
  A dart slug (D:3)
  3 worms
  5 leopard geckos
  10 orcs
  6 giant cockroaches
  18 goblins
  7 hobgoblins
  4 jackals
  4 quokkas
  6 bats
  4 frilled lizards
  12 kobolds
  5 rats
111 creatures vanquished.

Notes
Turn   | Place    | Note
-------+----------+-------------------------------------------
     0 | D:1      | Arixos the Demonspawn Monk began the quest for the Orb.
     0 | D:1      | Reached XP level 1. HP: 18/18 MP: 1/1
   155 | D:1      | Gained mutation: You are partially covered in slimy green
                  | scales. (AC +2) [demonic ancestry]
   155 | D:1      | Reached XP level 2. HP: 21/24 MP: 2/2
   207 | D:1      | Reached skill level 1 in Armour
   453 | D:2      | Found an opulent altar of Gozag.
   529 | D:2      | Found a sparkling altar of Nemelex Xobeh.
   536 | D:2      | Gained mutation: You have sharp toenails. [demonic
                  | ancestry]
   536 | D:2      | Reached XP level 3. HP: 21/29 MP: 3/3
   636 | D:2      | Found a hazy altar of Hepliaklqana.
   704 | D:2      | Noticed Robin
   931 | D:2      | Noticed Terence
   941 | D:2      | Reached XP level 4. HP: 30/37 MP: 4/4
   948 | D:2      | Killed Terence
  1100 | D:2      | Killed Robin
  1108 | D:2      | Reached skill level 4 in Fighting
  1329 | D:3      | Noticed a necrophage
  1333 | D:3      | Found a transporter.
  1334 | D:3      | Noticed losten's ghost (amateur DsGl)
  1349 | D:3      | Reached XP level 5. HP: 41/42 MP: 5/5
  1359 | D:3      | Found a transporter.
  1664 | D:3      | Found a stormy altar of Qazlal.
  1704 | D:3      | Found a glowing drain.
  1734 | Sewer    | Entered a sewer
  1903 | Sewer    | Gained mutation: You are mostly covered in slimy green
                  | scales. (AC +3) [demonic ancestry]
  1903 | Sewer    | Reached XP level 6. HP: 35/49 MP: 6/6
  1923 | Sewer    | Found a white marble altar of Elyvilon.
  2651 | D:4      | Reached skill level 5 in Fighting
  3179 | D:4      | Gained mutation: You have razor-sharp toenails. [demonic
                  | ancestry]
  3179 | D:4      | Reached XP level 7. HP: 30/56 MP: 7/7
  3336 | D:5      | Entered Level 5 of the Dungeon
  3336 | D:5      | Found a staircase to the Ecumenical Temple.
  3468 | D:5      | Noticed Prince Ribbit
  3504 | D:5      | Slain by Prince Ribbit

Levels and vault maps discovered:
D:1:      psy_arrival_spokes, layout_rooms
D:2:      layout_rooms, lemuel_round_altar, nemelex_xobeh_ov_fountains_minmay,
          nicolae_gozag_seed_capital, uniq_terence, uniq_robin
D:3:      layout_basic, grunt_qazlal_clouds, gammafunk_ghost_mausoleum,
          cheibrodos_sewer_entry_sluice, chequers_serial_rivers_small_b,
          kennysheep_boxes
D:4:      layout_cave_pools
D:5:      layout_basic, grunt_temple_overflow_open,
          minmay_temple_entry_butterflies, first_ration, uniq_prince_ribbit1,
          uniq_ijyb, uniq_edmund

Skill      XL: |  1  2  3  4  5  6 |
---------------+-------------------+-----
Armour         | 1 2 3 |  3.8
Dodging        | 3 4 |  4.9
Fighting       | 4 5 |  5.4
Stealth        | |  1.7
Unarmed Combat | |  2.6

Action                   |  1- 3 |  4- 6 |  7- 9 || total
-------------------------+-------+-------+-------++-------
Melee: Unarmed           |    22 |       |       ||    22
       Mace              |    68 |   232 |    33 ||   333
       Punch             |     2 |     2 |     1 ||     5
       Kick              |     6 |    63 |     5 ||    74
  Use: Scroll            |       |     3 |       ||     3
 Stab: Sleeping          |     2 |     3 |       ||     5
  Eat: Chunk             |       |     8 |     1 ||     9
Armor: Robe              |    25 |    24 |       ||    49
       Leather armour    |       |    82 |    14 ||    96
Dodge: Dodged            |    88 |   215 |    31 ||   334

Table legend:
 A = Non-vault XP
 B = Vault XP
 C = Vault XP percentage of total XP
 D = Non-vault monster count
 E = Vault monster count
 F = Vault count percentage of total count
                 A         B        C        D         E       F
            +---------+---------+-------+---------+---------+-------
      Total |     692 |     205 |  22.9 |      86 |      25 |  22.5
            +---------+---------+-------+---------+---------+-------
        D:1 |      27 |       0 |   0.0 |      13 |       0 |   0.0
        D:2 |      78 |      73 |  48.3 |      18 |      13 |  41.9
        D:3 |     162 |      16 |   9.0 |      35 |       3 |   7.9
        D:4 |     316 |       0 |   0.0 |      16 |       0 |   0.0
        D:5 |     109 |       0 |   0.0 |       4 |       0 |   0.0
      Sewer |       0 |     116 | 100.0 |       0 |       9 | 100.0
            +---------+---------+-------+---------+---------+-------
